 Dungeon Crawl Stone Soup version 0.29.1 (webtiles) character file.

Game seed: 3372742468556628090

64 Iusername the Covered (level 3, -4/33 HPs)
             Began as a Minotaur Fighter on Sept 14, 2022.
             Slain by Grinder (5 damage)
             ... on level 3 of the Dungeon.
             The game lasted 00:03:05 (2533 turns).

Iusername the Covered (Minotaur Fighter)            Turns: 2533, Time: 00:03:06

Health: -4/33      AC:  9    Str: 22    XL:     3   Next: 91%
Magic:  2/2        EV:  9    Int:  5    God:
Gold:   148        SH:  4    Dex:  9    Spells: 2/2 levels left

rFire   . . .      SeeInvis .   a - +0 trident
rCold   . . .      Faith    .   c - +0 buckler
rNeg    . . .      Spirit   .   b - +0 scale mail
rPois   .          Reflect  .   (helmet restricted)
rElec   .          Harm     .   (no cloak)
rCorr   .          Rampage  .   i - +1 pair of gloves
Will    .....                   (no boots)
Stlth   ..........              (no amulet)
HPRegen 0.11/turn               (no ring)
MPRegen 0.08/turn               (no ring)

@: mighty
A: horns 2, retaliatory headbutt
a: no special abilities


You were on level 3 of the Dungeon.
You visited 1 branch of the dungeon, and saw 3 of its levels.

You collected 148 gold pieces.

Inventory:

Hand Weapons
 a - a +0 trident (weapon)
Missiles
 e - a throwing net (quivered)
Armour
 b - a +0 scale mail (worn)
 c - a +0 buckler (worn)
 i - a +1 pair of gloves (worn)
Scrolls
 f - a scroll of identify {unknown}
 g - 4 scrolls of teleportation {unknown}
 k - a scroll of torment {unknown}
Potions
 h - a potion of flight {unknown}
 j - a potion of brilliance {unknown}


   Skills:
 + Level 4.3 Fighting
 + Level 3.3 Polearms
 + Level 4.5 Armour
 + Level 3.9 Shields


You had 2 spell levels left.
You didn't know any spells.
Your spell library contained the following spells:

 Spells                   Type           Power      Damage    Failure   Level
 Magic Dart               Conj           0%         1d3       87%         1
 Call Imp                 Summ           0%         N/A       95%         2
 Mephitic Cloud           Conj/Pois/Air  0%         N/A       99%         3
 Airstrike                Air            0%         2d(0-16)  100%        4
 Summon Lightning Spire   Summ/Air       0%         N/A       100%        4
 Lightning Bolt           Conj/Air       0%         1d11      100%        5


Dungeon Overview and Level Annotations

Branches:
Dungeon (3/15)

Altars:
Xom

Annotations:
D:3 Grinder


Innate Abilities, Weirdness & Mutations

You have a pair of horns on your head.
You reflexively headbutt those who attack you in melee.


Message History

You closely miss the jackal. The jackal barely misses you.
The jackal bites you but does no damage.
You puncture the jackal!
You kill the jackal!
Things that are here:
a jackal corpse; a jackal corpse Grinder gestures at you.
You suddenly lose the ability to move!
Grinder gestures at you. Pain shoots through your body!
Grinder hits you but does no damage. Grinder hits you!
You writhe in agony.
Grinder hits you but does no damage.
You can move again.
You hit Grinder. You headbutt Grinder!
Grinder is moderately wounded.
Grinder hits you.
You writhe in agony.
Unknown command.
You barely miss Grinder.
Grinder is moderately wounded.
Grinder hits you.
You writhe in agony.
Unknown command.
You impale Grinder!! Your headbutt misses Grinder.
Grinder is severely wounded.
You block Grinder's attack.
You puncture Grinder!
Grinder is almost dead.
Grinder says, "At least Makhleb appreciates what I'm doing."
Grinder blinks!
Unknown command.
Grinder blinks!
Unknown command.
Grinder hits you.
* * * LOW HITPOINT WARNING * * *
You closely miss Grinder. Your headbutt misses Grinder.
Grinder is almost dead.
Grinder hits you!
* * * LOW HITPOINT WARNING * * *
You writhe in agony.
You die...

#########
#.# #.# #.#
#.# #.# ##
#.# .. #†#
####.###.#
#....5@..#
#.##.##...#
# #.....#
##<..##
##....
#.#### #.#
#+#


You could see Grinder.

Vanquished Creatures
  An orc priest (D:3)
  A dart slug (D:2)
  3 orcs (D:3)
  4 ball pythons
  An endoplasm (D:2)
  2 goblins
  3 hobgoblins
  3 jackals (D:3)
  2 kobolds (D:2)
  A quokka (D:2)
  3 bats
  4 rats
  A spectral hobgoblin (D:1)
29 creatures vanquished.

Notes
Turn   | Place    | Note
-------+----------+-------------------------------------------
     0 | D:1      | Iusername the Minotaur Fighter began the quest for the Orb.
     0 | D:1      | Reached XP level 1. HP: 19/19 MP: 0/0
   737 | D:1      | Found a faded altar of an unknown god.
  1135 | D:2      | Reached XP level 2. HP: 27/27 MP: 1/1
  1415 | D:2      | Found a shimmering altar of Xom.
  1864 | D:3      | Reached XP level 3. HP: 29/33 MP: 2/2
  2506 | D:3      | Noticed Grinder
  2512 | D:3      | Paralysed by Grinder for 2 turns
  2521 | D:3      | Paralysed by Grinder for 5 turns
  2533 | D:3      | HP: 1/33 [Grinder (9)]
  2533 | D:3      | Slain by Grinder

Illustrated notes

Levels and vault maps discovered:
D:1:      matt_arrival_grand_opening, layout_basic,
          dreamdust_ecumenical_altar_drowned_temple
D:2:      layout_loops_ring, basic_altar
D:3:      layout_loops_corners, mainiacjoe_overflow_catwalk_spiral, uniq_grinder

Skill      XL: |  1  2  3 |
---------------+----------+-----
Fighting       | 4 |  4.3
Armour         | 4 |  4.5
Polearms       | 3 |  3.3
Shields        | |  3.9

Action                   || total
-------------------------++-------
Melee: Trident           ||    66
       Headbutt          ||     6
  Use: Potion            ||     1
Armor: Scale mail        ||    27
Dodge: Dodged            ||    15
Block: Buckler           ||    10
